 Dungeon Crawl Stone Soup version 0.30-a0-57-g8b159a9891 (webtiles) character file.

Game seed: 9354306273345479588

5215 Dreamer the Basher (level 11, -17/94 HPs)
             Began as a Meteoran Fighter on Sept 12, 2022.
             Demolished by a white ugly thing (31 damage)
             ... on level 11 of the Dungeon.
             The game lasted 00:27:40 (4182 turns).

Dreamer the Basher (Meteoran Fighter)               Turns: 4182, Time: 00:27:41

Health: -17/94     AC: 16    Str: 21    XL:     11   Next: 14%
Magic:  4/4        EV:  9    Int: 11    God:
Gold:   418        SH:  6    Dex: 14    Spells: 10/10 levels left

rFire   + . .      SeeInvis .    i - +2 morningstar (antimagic)
rCold   x . .      Faith    .    c - +0 buckler
rNeg    . . .      Spirit   .    A - +0 plate armour
rPois   .          Reflect  .    (no helmet)
rElec   .          Harm     .    j - +0 cloak
rCorr   .          Rampage  .    (no gloves)
Will    +....                    h - +0 pair of boots
Stlth   ..........               (no amulet)
HPRegen 0.25/turn                n - ring of fire
MPRegen 0.09/turn                (no ring)

@: about to teleport, glowing
A: sense surroundings 2, otherworldly, glowing, explore regen
a: no special abilities


You were on level 11 of the Dungeon.
You visited 1 branch of the dungeon, and saw 11 of its levels.
You also visited: Bailey.

You collected 503 gold pieces.
You spent 85 gold pieces at shops.

Inventory:

Hand Weapons
 i - a +2 antimagic morningstar (weapon)
 k - a +0 flail of venom
Missiles
 f - 5 atropa-tipped darts (quivered)
 q - a throwing net
Armour
 c - a +0 buckler (worn)
 h - a +0 pair of boots (worn)
 j - a +0 cloak (worn)
 y - a +0 troll leather armour
 A - a +0 plate armour (worn)
Jewellery
 n - a ring of fire (left hand)
Wands
 e - a wand of digging (6)
 w - a wand of mindburst (12)
Scrolls
 b - a scroll of fog {unknown}
 g - a scroll of torment {unknown}
 l - a scroll of fear {unknown}
 m - a scroll of brand weapon {unknown}
 o - a scroll of teleportation
 s - 2 scrolls of poison
 u - a scroll of magic mapping {unknown}
 v - 2 scrolls of blinking {unknown}
 B - a scroll of noise {unknown}
 C - 2 scrolls of vulnerability {unknown}
 D - a scroll of identify
Potions
 a - a potion of resistance {unknown}
 d - 2 potions of might
 p - 2 potions of lignification
 r - 3 potions of curing
 t - 2 potions of attraction
 x - a potion of brilliance
 z - a potion of heal wounds


   Skills:
 + Level 8.3 Fighting
 + Level 9.4 Maces & Flails
 + Level 9.1 Armour
 + Level 8.1 Dodging
 + Level 9.0 Shields


You had 10 spell levels left.
You didn't know any spells.
Your spell library contained the following spells:

 Spells                   Type           Power      Damage    Failure   Level
 Foxfire                  Conj/Fire      0%         2x1d4     100%        1
 Shock                    Conj/Air       0%         1d3       100%        1
 Conjure Flame            Conj/Fire      0%         6-21      100%        3
 Dazzling Flash           Conj/Hex       0%         N/A       100%        3
 Inner Flame              Hex/Fire       0%         N/A       100%        3
 Swiftness                Air            0%         N/A       100%        3
 Tukima's Dance           Hex            0%         N/A       100%        3
 Airstrike                Air            0%         2d(0-16)  100%        4
 Flame Wave               Conj/Fire      0%         2d4       100%        4
 Passage of Golubria      Tloc           0%         N/A       100%        4
 Agony                    Necr           0%         N/A       100%        5
 Silence                  Hex/Air        0%         N/A       100%        5
 Yara's Violent Unravell  Hex/Tmut       0%         3d3       100%        5


Dungeon Overview and Level Annotations

Branches:
Dungeon (11/15) Zot: 2513  Bailey (visited)
 Temple: D:4-7         Lair: D:8-11         Orc: D:9-12

Altars:

Shops:
D:9 ?   D:11 :


Innate Abilities, Weirdness & Mutations

You passively map the area around you.
You are easily found by Zot.
You glow in the dark.
You regain HP and MP as you explore.


Message History

The gnoll shouts!
You hear a shout!
You block the white ugly thing's attack.
You barely miss the white ugly thing.
The white ugly thing is lightly wounded.
The white ugly thing trunk-slaps you but does no damage.
You barely miss the white ugly thing.
The white ugly thing is lightly wounded.
The white ugly thing trunk-slaps you. The white ugly thing freezes you!!!
You feel a terrible chill!
You puncture the white ugly thing!
The white ugly thing is moderately wounded.
You block the white ugly thing's attack.
A yaktaur comes into view.
You closely miss the white ugly thing.
The white ugly thing is moderately wounded.
The white ugly thing trunk-slaps you but does no damage.
You closely miss the white ugly thing.
The white ugly thing is moderately wounded.
The white ugly thing trunk-slaps you but does no damage.
You hit the white ugly thing.
The white ugly thing is moderately wounded.
The white ugly thing trunk-slaps you but does no damage.
You hit the white ugly thing but do no damage.
The white ugly thing is moderately wounded.
The white ugly thing closely misses you.
You block the white ugly thing's attack.
You closely miss the white ugly thing.
The white ugly thing is moderately wounded.
The white ugly thing trunk-slaps you. The white ugly thing freezes you!!!
You feel a terrible chill!
* * * LOW HITPOINT WARNING * * *
The white ugly thing attacks as you move away!
The white ugly thing trunk-slaps you but does no damage.
As you read the scroll of teleportation, it crumbles to dust.
You feel strangely unstable. The white ugly thing barely misses you.
The white ugly thing attacks as you move away!
The white ugly thing trunk-slaps you.
* * * LOW HITPOINT WARNING * * *
The white ugly thing freezes you!!
You feel a terrible chill!
You die...

, , *, ....#.....###### , ,
.g. #., ....#.....# #..
...#+#u ...#.....# *#.#
....... * #..###...#*... ,
,....... + #..##..#.##.# , ,
....... , #..###...##.#.#
.....g. #..#####.#..$.. ,
,....!cY######.............#
,,.....Ycg.u@...##.......####
* #########.#####...#.###....
#.................. *
###................ * * ,
*......#.......... , ∩ ,
......#..#######. * * *
.........#.....#. , * **
,,,,.....?..o#.....'. , *, ,
........C#.....#.


You could see a white ugly thing, 2 yaktaurs, 2 yaks and a gnoll.

Vanquished Creatures
  A two-headed ogre (D:11)
  A komodo dragon (D:10)
  A troll (D:10)
  A hornet (D:5)
  6 yaks (D:9)
  A wyvern (D:9)
  A basilisk (D:11)
  A warg (D:9)
  An acid dragon (D:11)
  2 orc warriors (D:11)
  2 sky beasts
  2 centaurs
  3 ogres
  A phantom (D:4)
  3 kobold brigands (Bailey)
  3 necrophages (D:5)
  2 scorpions
  3 wights (D:9)
  8 killer bees
  3 howler monkeys (D:8)
  A hound (D:5)
  7 orc priests
  An iguana (D:5)
  4 orc wizards
  4 adders
  10 gnolls
  A shadow imp (D:8)
  A white imp (D:6)
  An ufetubus (D:7)
  2 dart slugs
  24 orcs
  A ball python (D:2)
  2 endoplasms
  10 goblins
  6 hobgoblins
  4 jackals (D:2)
  3 bats (D:2)
  A frilled lizard (D:2)
  8 kobolds
  3 rats
140 creatures vanquished.

Notes
Turn   | Place    | Note
-------+----------+-------------------------------------------
     0 | D:1      | Dreamer the Meteoran Fighter began the quest for the Orb.
     0 | D:1      | Reached XP level 1. HP: 19/19 MP: 2/2
    88 | D:2      | Reached XP level 2. HP: 26/26 MP: 1/3
   170 | D:2      | Reached skill level 1 in Dodging
   198 | D:2      | Reached XP level 3. HP: 31/31 MP: 1/4
   537 | D:4      | Noticed a scorpion
   554 | D:4      | Killed a scorpion
   555 | D:4      | Reached XP level 4. HP: 24/40 MP: 5/5
   555 | D:4      | Reached XP level 5. HP: 27/46 MP: 6/6
   586 | D:5      | Entered Level 5 of the Dungeon
   586 | D:5      | Noticed an ogre
   683 | D:4      | Noticed a phantom
   700 | D:4      | Killed a phantom
   701 | D:4      | Reached XP level 6. HP: 47/52 MP: 7/7
   895 | D:5      | Reached XP level 7. HP: 60/60 MP: 8/8
   925 | D:5      | Reached skill level 5 in Armour
   925 | D:5      | Reached skill level 5 in Shields
  1027 | D:5      | Reached skill level 5 in Maces & Flails
  1138 | D:5      | Noticed a hornet
  1163 | D:5      | Reached skill level 5 in Fighting
  1163 | D:5      | Reached XP level 8. HP: 62/68 MP: 9/9
  1185 | D:5      | Killed a hornet
  1720 | D:7      | Reached skill level 5 in Dodging
  1720 | D:7      | Gained mutation: You passively map the area around you.
                  | [Meteoran growth]
  1720 | D:7      | Reached XP level 9. HP: 67/75 MP: 10/10
  1942 | D:8      | Found a flagged portal.
  1971 | Bailey   | Entered a bailey
  2144 | D:8      | HP: 2/78 [poisoned by a kobold brigand (curare-tipped
                  | dart)]
  2444 | D:9      | Noticed a two-headed ogre
  2717 | D:9      | Reached XP level 10. HP: 36/84 MP: 11/11
  3010 | D:9      | Found Vuesh's Magic Scroll Emporium.
  3062 | D:9      | HP: 3/88 [yak (13)]
  3280 | D:9      | Bought a scroll of identify for 34 gold pieces
  3280 | D:9      | Bought a scroll of teleportation for 51 gold pieces
  3319 | D:9      | Noticed a kobold demonologist
  3326 | D:10     | Entered Level 10 of the Dungeon
  3436 | D:10     | Noticed a komodo dragon
  3473 | D:10     | Killed a komodo dragon
  3543 | D:10     | Noticed a death yak
  3543 | D:10     | Noticed a death yak
  3543 | D:10     | Noticed a death yak
  3576 | D:11     | Noticed a two-headed ogre
  3617 | D:11     | Found Peghefis's Self-Improvement Boutique.
  3642 | D:11     | Killed a two-headed ogre
  3643 | D:11     | Reached XP level 11. HP: 90/94 MP: 12/12
  3878 | D:11     | Noticed a cyclops
  4162 | D:11     | Noticed a white ugly thing
  4182 | D:11     | Demolished by a white ugly thing

Illustrated notes

Levels and vault maps discovered:
D:1:      giann_bridges, layout_basic, shapermc_ecumenical_altar_petra,
          serial_park_tiny_1, minmay_worlds_worst_comb
D:2:      layout_basic, minmay_tromino_i2
D:3:      layout_basic, serial_bayou_pond_d, uniq_robin
D:4:      layout_basic
D:5:      layout_gridville, temple_hall, hangedman_abyss_or_decor_lesser_grid,
          minivault_27
D:6:      layout_basic
D:7:      layout_cave_pods, mainiacjoe_overflow_alcove_3, serial_shops,
          nicolae_lakefront_shop
D:8:      layout_loops_cross, enter_bailey_2
D:9:      layout_basic, mainiacjoe_overflow_24_doors,
          mainiacjoe_overflow_alcove_2, erik_orc_3, serial_shops,
          nicolae_shop_advertising_works [nicolae_subvault_shop_adworks]
D:10:     layout_basic, dpeg_lair_monsters
D:11:     fort_yaktaur, layout_rooms, serial_shops, bzr_entry_safe,
          nrook_mini_vaults, minmay_misc_feat_rugged, nicolae_shop_self_help,
          uniq_urug

Skill      XL: |  1  2  3  4  5  6  7  8  9 10 11 |
---------------+----------------------------------+-----
Maces & Flails | 3 4 5 6 7 9 |  9.4
Dodging        | 1 2 3 5 6 7 8 |  8.1
Shields        | 4 5 6 7 8 9 |  9.0
Armour         | 4 5 6 7 8 9 |  9.1
Fighting       | 4 5 6 8 |  8.3

Action                   |  1- 3 |  4- 6 |  7- 9 | 10-12 || total
-------------------------+-------+-------+-------+-------++-------
Melee: Rapier            |    62 |       |       |       ||    62
       Flail             |    18 |    43 |   206 |   205 ||   472
       Morningstar       |       |       |       |    31 ||    31
Throw: Dart              |     1 |     2 |     2 |     4 ||     9
  Use: Scroll            |       |       |       |     7 ||     7
       Potion            |       |       |       |     1 ||     1
Armor: Scale mail        |    24 |       |       |       ||    24
       Chain mail        |    31 |    21 |   123 |    65 ||   240
       Plate armour      |       |       |       |    18 ||    18
Dodge: Dodged            |    19 |     9 |    87 |    75 ||   190
Block: Buckler           |    16 |     4 |    72 |    57 ||   149

Table legend: (Time is in decaauts)
 A = Elapsed time spent in this place.
 B = Non-inter-level travel time spent in this place.
 C = Inter-level travel time spent in this place.
 D = Time resting spent in this place.
 E = Time spent auto-exploring this place.
 F = Levels seen in this place.
 G = Mean time per level.
                   A        B        C        D        E       F      G
               +--------+--------+--------+--------+--------+-----+--------+
         Total |   4261 |   4261 |      0 |    415 |    990 |  12 |  355.1 |
       Dungeon |   4086 |   4086 |      0 |    403 |    990 |  11 |  371.5 |
        Bailey |    175 |    175 |      0 |     12 |      0 |   1 |  175.0 |
               +--------+--------+--------+--------+--------+-----+--------+

Top non-repeatable levels by time:
     D:8: 749 daAuts
     D:9: 671 daAuts
     D:4: 574 daAuts
    D:10: 496 daAuts
     D:5: 475 daAuts
    D:11: 360 daAuts
     D:2: 245 daAuts
     D:6: 202 daAuts
     D:3: 185 daAuts
  Bailey: 175 daAuts
     D:1: 73 daAuts
     D:7: 52 daAuts
